 Dungeon Crawl Stone Soup version bcrawl-1.19.1 (webtiles) character file.

Game seed: 14693712158242644057

14067 Bnni the Basher (level 12, -3/148 HPs)
             Began as an Oni Archaeologist on Dec 5, 2019.
             Was a Priest of Hepliaklqana.
             Slain by a seven-headed hydra (7 damage)
             ... on level 10 of the Dungeon on Dec 6, 2019.
             The game lasted 00:25:49 (12456 turns).

Bnni the Basher (Oni Archaeologist)                Turns: 12456, Time: 00:25:49

Health: -3/148     AC: 26    Str: 21    XL:     12   Next: 12%
Magic:  24/24      EV:  2    Int: 18    God:    Hepliaklqana [***...]
Gold:   517        SH:  3    Dex:  9    Spells: 9/24 levels left

rFire    . . .     SeeInvis .   o - +3 whip (venom)
rCold    . . .     Gourm    .   (no shield)
rNeg     + + +     Faith    .   (armour currently unavailable)
rPois    +         Spirit   .   (helmet currently unavailable)
rElec    .         Reflect  +   (cloak currently unavailable)
rCorr    .         Harm     .   (gloves currently unavailable)
MR       .....     NoTele   +   (boots currently unavailable)
Stlth    +++.......             s - +3 amulet of reflection
HPRegen  0.34/turn              q - +3 ring of strength
MPRegen  0.19/turn              A - ring of poison resistance

@: tree-form, studying Staves
A: oni magic, reduced essence
a: Recall Ancestor, Ancestor Identity, Transference, Renounce Religion


You were on level 10 of the Dungeon.
You worshipped Hepliaklqana.
Hepliaklqana was most pleased with you.
You were hungry.
You were a tree.
You visited 1 branch of the dungeon, and saw 10 of its levels.
You also visited: Ossuary.

You collected 598 gold pieces.
You spent 81 gold pieces at shops.

Inventory:

Hand Weapons
 k - a +0 blowgun
 m - a +0 dire flail
 o - a +3 whip of venom (weapon)
Missiles
 M - 6 throwing nets (quivered) {!f}
 P - 20 curare-tipped needles
Armour
 c - a +1 hat (melded)
 d - a +1 pair of boots (melded)
 f - the +5 robe of Night (melded) {Dark MR+ SInv}

   It affects your resistance to hostile enchantments.
   It lets you see invisible.
 t - a scarf of cloud immunity
 y - the +0 cloak "Heur" {-Tele rCorr Int+3 Slay+5, unknown}
   (You found it on level 10 of the Dungeon)

   It affects your intelligence (+3).
   It affects your accuracy and damage with ranged weapons and melee attacks
   (+5).
   It prevents most forms of teleportation.
   It provides partial protection from all sources of acid and corrosion.
 H - a +2 leather armour of positive energy
 J - a +1 cloak (melded)
Jewellery
 q - a +3 ring of strength (left branch)
 s - a +3 amulet of reflection (around neck)
 A - a ring of poison resistance (right branch)
 C - an uncursed ring of flight
 E - an uncursed ring of insulation
Wands
 a - a wand of disintegration (9)
 e - a wand of acid (17)
 u - a wand of polymorph (8)
 G - a wand of random effects (9)
 I - a wand of iceblast (13)
Scrolls
 b - 3 scrolls of amnesia
 h - 2 scrolls of immolation
 i - 3 scrolls of teleportation
 l - 4 scrolls of remove curse
 v - 4 scrolls of identify
 L - 2 scrolls of enchant armour
 O - a scroll of fear {unknown}
Potions
 j - 4 potions of cancellation
 n - 3 potions of heal wounds
 r - 3 potions of flight
 w - 2 potions of haste
 x - a potion of brilliance
 z - 2 potions of resistance
 B - a potion of curing
 D - 3 potions of might
 F - 3 potions of mutation
 N - a potion of invisibility {unknown}
Books
 K - a manual of Staves
Comestibles
 g - 26 rations {!d}


   Skills:
 + Level 11.3 Fighting
 - Level 12.0 Maces & Flails
 - Level 2.6 Dodging
 - Level 7.2 Stealth
 * Level 6.7 Spellcasting
   Level 6.7 Conjurations
   Level 6.7 Hexes
   Level 6.7 Charms
   Level 6.7 Summonings
   Level 6.7 Necromancy
   Level 6.7 Translocations
   Level 6.7 Transmutations
   Level 6.7 Fire Magic
   Level 6.7 Ice Magic
   Level 6.7 Air Magic
   Level 6.7 Earth Magic
   Level 6.7 Poison Magic


You had 9 spell levels left.
You knew the following spells:

 Your Spells              Type           Power        Failure   Level  Hunger
a - Swiftness             Chrm/Air       ####....     1%          2    None
b - Lightning Bolt        Conj/Air       ####......   21%         5    #####..
c - Teleport Other        Tloc           ####....     1%          3    ##.....
d - Fireball              Conj/Fire      ####......   21%         5    #####..

Your spell library contained the following spells:

 Spells                   Type           Power        Failure   Level  Hunger
 Beastly Appendage        Tmut           ####..       1%          1    None
 Flaming Arrows           Chrm/Fire      ####....     1%          2    None


Dungeon Overview and Level Annotations

Branches:
Dungeon (10/12)            Temple (0/1) D:4            Lair (0/6) D:9
    Orc: D:8-11

Altars:
Ashenzari
Cheibriados
Dithmenos
Elyvilon
Gozag
Hepliaklqana
Kikubaaqudgha
Qazlal
Ru
Sif Muna
Trog
Wu Jian
Xom
Yredelemnul
The Shining One

Shops:
D:4 *   D:9 *


Innate Abilities, Weirdness & Mutations

You learn spells by gaining experience, not through books or religion.
You only train spellcasting to practice magic.
((You have sharp fingernails.))
((You have very sharp teeth.))
((You have a pair of small horns on your head.))
Your life essence is reduced to manifest your ancestor. (-10% HP)


Message History

* * * LOW HITPOINT WARNING * * *
The seven-headed hydra bites you but does no damage.
The seven-headed hydra bites you!
* * * LOW HITPOINT WARNING * * *
You block the seven-headed hydra's attack.
The seven-headed hydra barely misses you.
Okay, then.
Really quaff the potion of lignification?
You turn into a tree.
Your +1 cloak melds into your body.
Your +1 hat melds into your body.
Your +1 pair of boots melds into your body.
The +5 robe of Night {Dark MR+ SInv} melds into your body.
The light returns to your surroundings.
Your roots penetrate the ground.
The seven-headed hydra bites you but does no damage. x2
The seven-headed hydra bites you!
* * * LOW HITPOINT WARNING * * *
The seven-headed hydra bites you.
* * * LOW HITPOINT WARNING * * *
The seven-headed hydra bites you!
You die...

###. ####### #...
.^....# ####.######
......### #.........#
.....QD.# #.........#
......#♣#####.........##
......#.....#...........
......#####...[.÷.....##
......# ###.........#
..... #.........# ##
###)....### ..
########..###
#.###<=.........#
###.#.............#


You could see a seven-headed hydra and a tengu warrior.

Vanquished Creatures
  Harold (D:9)
  A hydra (D:8)
  Erolcha (D:9)
  A centaur warrior (D:7)
  A two-headed ogre (D:8)
  Sonja (D:10)
  An unseen horror (D:10)
  A cyclops (D:9)
  A wolf spider (D:7)
  2 manticores
  A troll (D:7)
  6 slime creatures
  2 hippogriffs
  A spriggan (D:7)
  2 wraiths (Ossuary)
  A yak (D:9)
  Eustachio (D:4)
  2 basilisks (D:9)
  An orc warrior (D:8)
  2 necrophages
  3 ogres
  An eye of draining (D:10)
  A phantom (D:6)
  5 centaurs
  A bullfrog (D:8)
  2 big kobolds (D:7)
  A gnoll sergeant (D:7)
  Dowan (D:5)
  2 scorpions
  2 wights (Ossuary)
  6 howler monkeys
  A crimson imp (D:5)
  3 centaur zombies
  2 bullfrog skeletons
  5 jellies
  5 centaur skeletons
  2 orc priests
  2 hounds
  3 orc wizards
  Terence (D:2)
  4 iguanas
  6 worker ants
  7 gnolls
  13 adders
  A shadow imp (D:9)
  5 oozes
  An adder zombie (Ossuary)
  2 adder skeletons
  2 worms
  4 leopard geckos
  36 orcs
  6 bats
  6 giant cockroaches
  5 goblins (D:1)
  9 hobgoblins
  6 jackals
  7 quokkas
  2 ball pythons
  A ball python skeleton (Ossuary)
  8 frilled lizards
  4 hobgoblin zombies (Ossuary)
  25 kobolds
  A kobold zombie (Ossuary)
  2 orc skeletons (Ossuary)
  An orc zombie (Ossuary)
  5 rats
248 creatures vanquished.

Vanquished Creatures (collateral kills)
  2 slime creatures (D:6)
  A hippogriff (D:9)
  Duvessa (D:5)
  2 big kobolds
  2 bullfrogs
  A bullfrog zombie (D:3)
  A crimson imp (D:4)
  A jelly (D:5)
  An orc wizard (D:7)
  An iguana (D:9)
  2 hound skeletons
  An adder (D:5)
  2 oozes (D:7)
  An adder zombie (D:5)
  2 orcs
  A jackal (D:5)
  4 kobolds
  A frilled lizard (D:2)
  A butterfly (D:4)
28 creatures vanquished.

Vanquished Creatures (others)
  4 hexers
  9 toadstools (D:7)
13 creatures vanquished.

Grand Total: 289 creatures vanquished

Notes
Turn   | Place    | Note
-------+----------+-------------------------------------------
     0 | D:1      | Bnni the Oni Archaeologist began the quest for the Orb.
     0 | D:1      | Reached XP level 1. HP: 16/16 MP: 3/3
   118 | D:1      | Reached skill level 2 in Maces & Flails
   118 | D:1      | Reached XP level 2. HP: 23/23 MP: 4/4
   778 | D:1      | Reached XP level 3. HP: 25/29 MP: 5/5
  1363 | D:2      | Reached skill level 3 in Maces & Flails
  1521 | D:2      | Noticed Terence
  1551 | D:2      | Killed Terence
  1551 | D:2      | Reached XP level 4. HP: 18/36 MP: 6/6
  1557 | D:2      | Learned a level 2 spell: Swiftness
  1853 | D:2      | Found a shimmering altar of Xom.
  1916 | D:2      | Found a snail-covered altar of Cheibriados.
  1920 | D:2      | Found a shadowy altar of Dithmenos.
  1922 | D:2      | Found a hazy altar of Hepliaklqana.
  2030 | D:2      | Became a worshipper of Hepliaklqana the Forgotten
  2602 | D:3      | Reached XP level 5. HP: 34/36 MP: 7/7
  2612 | D:3      | Reached skill level 4 in Maces & Flails
  2869 | D:3      | Reached XP level 6. HP: 45/45 MP: 8/8
  2912 | D:3      | Found an ornate altar of the Wu Jian Council.
  3027 | D:3      | Found a glowing golden altar of the Shining One.
  3032 | D:3      | Found a basalt altar of Yredelemnul.
  3034 | D:3      | Noticed a profane servitor
  3109 | D:3      | Reached skill level 5 in Stealth
  3156 | D:3      | Reached * piety under Hepliaklqana
  3632 | D:3      | Noticed an angel
  3708 | D:4      | Reached skill level 5 in Maces & Flails
  3892 | D:4      | Found Gacw's Assorted Antiques.
  3910 | D:4      | Found an ancient bone altar of Kikubaaqudgha.
  3929 | D:4      | Bought a viscous cyan potion for 18 gold pieces
  3929 | D:4      | Bought a scroll labeled SENIMMA CAYN for 21 gold pieces
  3929 | D:4      | Bought a scroll labeled OCA QEOGISEE for 21 gold pieces
  3929 | D:4      | Bought a scroll labeled OPO OKHLEGUHYUM for 21 gold pieces
  3938 | D:4      | Noticed Eustachio
  3960 | D:4      | Killed Eustachio
  3960 | D:4      | Reached XP level 7. HP: 50/51 MP: 9/9
  4208 | D:4      | Found a staircase to the Ecumenical Temple.
  4464 | D:4      | Reached skill level 6 in Maces & Flails
  4501 | D:5      | Entered Level 5 of the Dungeon
  4535 | D:5      | Found a white marble altar of Elyvilon.
  4539 | D:5      | Found a sacrificial altar of Ru.
  4539 | D:5      | Found a stormy altar of Qazlal.
  4642 | D:5      | Reached ** piety under Hepliaklqana
  4646 | D:5      | Reached XP level 8. HP: 39/59 MP: 10/10
  4647 | D:5      | Remembered your ancestor Stabby McGee as a hexer
  4819 | D:5      | Reached skill level 7 in Maces & Flails
  4961 | D:5      | Noticed Duvessa
  4961 | D:5      | Noticed Dowan
  5294 | D:6      | Noticed a slime creature
  5295 | D:6      | Noticed a slime creature
  5296 | D:6      | Noticed a slime creature
  5296 | D:6      | Noticed a slime creature
  5305 | D:6      | Killed a slime creature
  5305 | D:6      | Reached skill level 5 in Fighting
  5305 | D:6      | Reached skill level 8 in Maces & Flails
  5309 | D:6      | Killed a slime creature
  5309 | D:6      | Reached XP level 9. HP: 52/66 MP: 11/11
  5313 | D:6      | Reached skill level 9 in Maces & Flails
  5828 | D:6      | Reached skill level 10 in Maces & Flails
  6326 | D:6      | Found a bloodstained altar of Trog.
  6565 | D:6      | Found a shimmering blue altar of Sif Muna.
  6732 | D:5      | Found a shattered altar of Ashenzari.
  6975 | D:5      | Killed Duvessa
  6980 | D:5      | Killed Dowan
  7442 | D:7      | Noticed a centaur warrior
  7457 | D:7      | Killed a centaur warrior
  7457 | D:7      | Reached skill level 11 in Maces & Flails
  7457 | D:7      | Reached XP level 10. HP: 41/79 MP: 12/12
  7709 | D:7      | Reached skill level 12 in Maces & Flails
  8065 | D:7      | Reached *** piety under Hepliaklqana
  9080 | D:8      | Reached skill level 1 in Spellcasting
  9090 | D:8      | Found a sand-covered staircase.
  9092 | D:8      | Noticed a two-headed ogre
  9097 | Ossuary  | Entered an ossuary
  9104 | Ossuary  | Learned a level 5 spell: Lightning Bolt
  9393 | D:8      | Noticed a wolf spider
  9419 | D:7      | Killed a wolf spider
  9419 | D:7      | Reached XP level 11. HP: 46/89 MP: 15/17
  9613 | D:8      | Killed a two-headed ogre
  9613 | D:8      | Reached skill level 10 in Fighting
 10068 | D:8      | Noticed a six-headed hydra
 10298 | D:8      | Killed a six-headed hydra
 10723 | D:9      | Found a staircase to the Lair.
 10779 | D:9      | Noticed Harold
 10799 | D:9      | Killed Harold
 10799 | D:9      | Reached skill level 5 in Spellcasting
 11171 | D:9      | Noticed a manticore
 11179 | D:9      | Killed a manticore
 11324 | D:9      | Noticed Erolcha
 11370 | D:9      | Killed Erolcha
 11426 | D:9      | Learned a level 3 spell: Teleport Other
 11602 | D:9      | Noticed a cyclops
 11613 | D:9      | Killed a cyclops
 11985 | D:9      | Found an opulent altar of Gozag.
 11985 | D:9      | Found Gozag's Platinum Reserve.
 12070 | D:10     | Entered Level 10 of the Dungeon
 12076 | D:10     | Got a faintly humming cloak
 12136 | D:10     | Noticed a manticore
 12146 | D:10     | Killed a manticore
 12146 | D:10     | Reached XP level 12. HP: 55/99 MP: 23/23
 12171 | D:10     | Learned a level 5 spell: Fireball
 12310 | D:10     | Noticed Sonja
 12319 | D:10     | Killed Sonja
 12445 | D:10     | Noticed a seven-headed hydra
 12446 | D:10     | Noticed a tengu warrior
 12446 | D:10     | Noticed a tengu warrior
 12456 | D:10     | HP: 4/148 [seven-headed hydra (6)]
 12456 | D:10     | Slain by a seven-headed hydra

Skill      XL: |  1  2  3  4  5  6  7  8  9 10 11 |
---------------+----------------------------------+-----
Maces & Flails | 2 3 4 5 6 8 11 12 | 12.0
Stealth        | 3 4 6 7 |  7.2
Fighting       | 2 3 4 5 7 9 11 | 11.3
Spellcasting   | 3 6 |  6.7
Dodging        | |  2.6
Conjurations   | |  6.7
Hexes          | |  6.7
Charms         | |  6.7
Summonings     | |  6.7
Necromancy     | |  6.7
Translocations | |  6.7
Transmutations | |  6.7
Fire Magic     | |  6.7
Ice Magic      | |  6.7
Air Magic      | |  6.7
Earth Magic    | |  6.7
Poison Magic   | |  6.7

Action                   |  1- 3 |  4- 6 |  7- 9 | 10-12 || total
-------------------------+-------+-------+-------+-------++-------
Melee: Whip              |   149 |   123 |   295 |   421 ||   988
       Headbutt          |    20 |    18 |    54 |    99 ||   191
       Bite              |    10 |    11 |    26 |    60 ||   107
       Mace              |       |    65 |       |       ||    65
Invok: Ancestor Identity |       |     1 |       |       ||     1
       Ancestor Life: He |       |       |     1 |       ||     1
Evoke: Wand              |       |       |       |     1 ||     1
  Use: Scroll            |       |     8 |    11 |     4 ||    23
       Potion            |       |     2 |     1 |     4 ||     7
 Stab: Sleeping          |     7 |       |     3 |    23 ||    33
       Distracted        |       |       |       |     5 ||     5
       Confused          |       |       |       |     3 ||     3
  Eat: Chunk             |     2 |     8 |     8 |    11 ||    29
       Ration            |       |       |     1 |     1 ||     2
Armor: Animal skin       |    15 |       |       |       ||    15
       Ring mail         |    31 |    16 |       |       ||    47
       Chain mail        |       |    91 |    68 |       ||   159
       Robe              |       |       |    15 |   102 ||   117
       Skin              |       |       |       |     2 ||     2
Dodge: Dodged            |    85 |   104 |    72 |   161 ||   422
Block: Other             |       |       |    11 |    41 ||    52
       Reflection        |       |       |       |     3 ||     3
